 Dungeon Crawl Stone Soup version 0.15.1-4-gac8487e (webtiles) character file.

561 Heini the Covered (level 7, 0/62 HPs)
             Began as a Minotaur Fighter on Oct 13, 2014.
             Succumbed to Uberwunderbarhen's ghost's poison
             ... on Level 4 of the Dungeon.
             The game lasted 00:07:44 (2310 turns).

Heini the Covered (Minotaur Fighter)                Turns: 2310, Time: 00:07:44

HP   0/62        AC 13     Str 28      XL: 7   Next:  9%
MP   3/3         EV  9     Int  5      God:
Gold 173         SH  6     Dex  7 (9)  Spells:  0 memorised,  6 levels left

rFire  . . .     SeeInvis .     a - +0 flail
rCold  + . .     Clarity  .     b - +0 scale mail
rNeg   . . .     rCorr    .     p - +2 buckler {AC+3}
rPois  +         rRot     .     (helmet restricted)
rElec  .         Spirit   .     c - +2 cloak {rPois}
SustAb .         Warding  .     (no gloves)
rMut   .         Stasis   +     (no boots)
Gourm  .                        q - amulet of stasis
MR     +....                    l - ring of protection from magic
                                n - ring of protection from cold

@: mighty, lethally poisoned, somewhat resistant to hostile enchantments,
extremely unstealthy
A: retaliatory headbutt, horns 2
a: no special abilities


You were on level 4 of the Dungeon.
You were not hungry.

You visited 1 branch of the dungeon, and saw 4 of its levels.

You collected 173 gold pieces.

Inventory:

Hand weapons
 a - a +0 flail (weapon)
Armour
 b - a +0 scale mail (worn)
 c - a +2 cloak of poison resistance (worn)
 p - a +2 buckler of protection (worn)
 z - a +0 plate armour
Comestibles
 d - 4 bread rations
 g - a royal jelly
 u - 3 meat rations
 B - 3 chunks of human flesh
 E - a rotting chunk of kobold flesh
Scrolls
 j - 4 scrolls of teleportation
 k - 2 scrolls of remove curse
 v - 2 scrolls of magic mapping
 w - a scroll of fog
 A - 2 scrolls of identify
Jewellery
 l - a ring of protection from magic (right hand)
 n - a ring of protection from cold (left hand)
 q - an amulet of stasis (around neck)
Potions
 e - 2 potions of might
 h - 2 potions of curing {unknown}
 i - 4 potions of resistance
 m - a potion of magic {unknown}
 o - a potion of agility {unknown}
 r - a potion of restore abilities
 s - 2 potions of heal wounds {unknown}
 t - a potion of flight {unknown}
 x - a potion of mutation {unknown}
 C - a potion of haste {unknown}
 D - a potion of confusion {unknown}
Books
 f - a book of Fire

   Spells                             Type                      Level
   Ignite Poison                      Fire/Transmutation           5
   Fireball                           Conjuration/Fire             5
   Bolt of Fire                       Conjuration/Fire             6
   Delayed Fireball                   Conjuration/Fire             7
   Ring of Flames                     Charms/Fire                  7
 y - a book of Air

   Spells                             Type                      Level
   Shock                              Conjuration/Air              1
   Swiftness                          Charms/Air                   2
   Repel Missiles                     Charms/Air                   2
   Flight                             Charms/Air                   3
   Static Discharge                   Conjuration/Air              3
   Lightning Bolt                     Conjuration/Air              5
 F - a book of Annihilations {highlevel, unknown}

   This book is beyond your current level of understanding.

   Spells                             Type                      Level
   Poison Arrow                       Conjuration/Poison           6
   Chain Lightning                    Conjuration/Air              8
   Lehudib's Crystal Spear            Conjuration/Earth            8
   Glaciate                           Conjuration/Ice              9
   Fire Storm                         Conjuration/Fire             9


   Skills:
 * Level 5.9 Fighting
 * Level 5.2 Maces & Flails
 * Level 6.1 Armour
 + Level 3.1 Dodging
 - Level 3.6 Shields


You had 6 spell levels left.
You didn't know any spells.

Dungeon Overview and Level Annotations

Branches:
Dungeon (4/15)
 Temple: D:4-7

Altars:
Makhleb
Nemelex Xobeh

Annotations:
D:4 Uberwunderbarhen's ghost, average SpEn


Innate Abilities, Weirdness & Mutations

You reflexively headbutt those who attack you in melee.
You have a pair of horns on your head.


Message History

You feel sick.
Uberwunderbarhen's ghost points at you and mumbles some strange words.
You resist with almost no effort.
* * * LOW HITPOINT WARNING * * *
You feel sick.
Uberwunderbarhen's ghost gestures at you while chanting.
You resist with almost no effort.
* * * LOW HITPOINT WARNING * * *
You feel sick.
* * * LOW HITPOINT WARNING * * *
You feel sick.
Uberwunderbarhen's ghost points at you and mumbles some strange words.
You resist with almost no effort.
* * * LOW HITPOINT WARNING * * *
You feel sick.
Uberwunderbarhen's ghost gestures at you while chanting.
You are unaffected.
* * * LOW HITPOINT WARNING * * *
You feel sick.
You die...

. #...# .....#.....
#.#.######.##...#..##.
#.#O#......##.........
#.....# #.........
###(.ZW## #........#
##...##.########.........
#...............%........
#....###.#######%.......#
##.. #@%......).......#
### #########........#
#...<....# ##########


You could see an ogre, Uberwunderbarhen's ghost and a centaur skeleton.

Vanquished Creatures
  Eustachio (D:4)
  The ghost of Heini the Skirmisher, an average HOFi (D:3)
  A scorpion (D:4)
  A crimson imp (D:4)
  A quasit (D:4)
  A hound (D:3)
  3 orc wizards (D:3)
  A green rat (D:4)
  7 adders
  A white imp (D:4)
  3 worms
  An ufetubus (D:4)
  A giant gecko (D:2)
  13 orcs (D:3)
  A ball python (D:1)
  9 bats
  3 giant cockroaches
  4 goblins
  8 hobgoblins
  4 jackals (D:3)
  6 quokkas
  2 giant newts
  8 kobolds
  8 rats
89 creatures vanquished.

Notes
Turn   | Place    | Note
--------------------------------------------------------------
     0 | D:1      | Heini, the Minotaur Fighter, began the quest for the Orb.
     0 | D:1      | Reached XP level 1. HP: 19/19 MP: 1/1
   310 | D:1      | Reached skill level 4 in Fighting
   321 | D:1      | Reached XP level 2. HP: 25/27 MP: 1/1
   985 | D:2      | Reached XP level 3. HP: 34/34 MP: 2/2
  1045 | D:2      | Noticed a black bear
  1045 | D:2      | Noticed a steam dragon
  1327 | D:3      | Reached XP level 4. HP: 41/41 MP: 2/2
  1348 | D:3      | Reached skill level 1 in Dodging
  1374 | D:3      | Reached skill level 5 in Fighting
  1699 | D:3      | Reached XP level 5. HP: 40/48 MP: 2/2
  1745 | D:3      | Noticed Heini's ghost (average HOFi)
  1761 | D:3      | Killed Heini's ghost
  1761 | D:3      | Reached skill level 5 in Armour
  1849 | D:3      | Reached XP level 6. HP: 38/56 MP: 3/3
  1914 | D:3      | Found a sparkling altar of Nemelex Xobeh.
  2090 | D:3      | Found a burning altar of Makhleb.
  2178 | D:4      | Noticed Eustachio
  2215 | D:4      | Killed Eustachio
  2215 | D:4      | Reached skill level 5 in Maces & Flails
  2215 | D:4      | Reached skill level 6 in Armour
  2215 | D:4      | Reached XP level 7. HP: 39/62 MP: 3/3
  2273 | D:4      | Noticed Uberwunderbarhen's ghost (average SpEn)
  2307 | D:4      | HP: 3/62 [poisoned by Uberwunderbarhen's ghost]
  2309 | D:4      | HP: 1/62 [poisoned by Uberwunderbarhen's ghost]
  2310 | D:4      | Succumbed to Uberwunderbarhen's ghost's poison

Action                   |  1- 3 |  4- 6 |  7- 9 || total
-------------------------+-------+-------+-------++-------
Melee: Flail             |    98 |   135 |    35 ||   268
  Use: Scroll            |     6 |     4 |       ||    10
       Potion            |       |       |     1 ||     1
  Eat: Chunk             |     1 |     3 |     1 ||     5
